 Dungeon Crawl Stone Soup version 0.31-a0-1522-g43313d8a59 (webtiles) character file.

Game seed: 3996850533210296683

81 hikkokomori the Conjurer (level 4, -2/24 HPs)
             Began as a Deep Elf Conjurer on Dec 30, 2023.
             Slain by a gnoll
             ... wielding a +0 whip
              (7 damage)
             ... on level 2 of the Dungeon.
             The game lasted 00:00:56 (1649 turns).

hikkokomori the Conjurer (Deep Elf Conjurer)        Turns: 1649, Time: 00:00:56

Health: -2/24      AC:  2    Str:  4    XL:     4   Next: 20%
Magic:  2/12       EV: 13    Int: 25    God:
Gold:   76         SH:  0    Dex: 13    Spells: 8/11 levels left

rFire   . . .        h - +2 dagger (speed)
rCold   . . .        (no shield)
rNeg    . . .        a - +0 robe
rPois   .            (no helmet)
rElec   .            (no cloak)
rCorr   .            (no gloves)
SInv    .            (no boots)
Will    .....        (no amulet)
Stlth   ++           (no ring)
HPRegen 0.24/turn    (no ring)
MPRegen 0.13/turn

%: no passive effects
@: no status effects
A: no striking features
a: no special abilities


You were on level 2 of the Dungeon.
You visited 1 branch of the dungeon, and saw 2 of its levels.

You collected 76 gold pieces.

Inventory:

Hand Weapons
 h - a +2 dagger of speed (weapon)
Armour
 a - a +0 robe (worn)
Scrolls
 c - a scroll of fog {unknown}
 d - a scroll of fear {unknown}
 i - 2 scrolls of identify {unknown}
 j - a scroll of blinking {unknown}
 k - 3 scrolls of immolation {unknown}
Potions
 b - a potion of magic
 e - a potion of resistance {unknown}
 f - a potion of lignification {unknown}
 g - a potion of enlightenment {unknown}


   Skills:
 + Level 0.6 Fighting
 - Level 3.1 Dodging
 + Level 3.6 Stealth
 + Level 4.0 Spellcasting
 + Level 4.9 Conjurations


You had 8 spell levels left.
You knew the following spells:

 Your Spells              Type           Power      Damage    Failure   Level
a - Magic Dart            Conj           100%       1d8       1%          1
b - Searing Ray           Conj           58%        2d6       1%          2

Your spell library contained the following spells:

 Spells                   Type           Power      Damage    Failure   Level
 Fulminant Prism          Conj/Alch      8%         3d7       32%         4
 Iskenderun's Mystic Bla  Conj/Tloc      17%        2d5       32%         4


Dungeon Overview and Level Annotations

Branches:
Dungeon (2/15)

Altars:

Shops:
D:2 (


Message History

The gnoll is severely wounded.
There are monsters nearby!
The magic dart hits the gnoll.
The gnoll is almost dead.
There are monsters nearby!
The magic dart hits the gnoll but does no damage.
The gnoll is almost dead.
There are monsters nearby!
The magic dart hits the gnoll.
You kill the gnoll!
A gnoll comes into view. It is wielding a +0 spear.
Your Spellcasting skill increases to level 4!
There are monsters nearby!
You miscast Magic Dart.
You are very lightly contaminated with residual magic.
Nothing appears to happen.
The magic dart hits the gnoll but does no damage.
The gnoll closely misses you.
There are monsters nearby!
The magic dart hits the gnoll.
The gnoll is heavily wounded.
The gnoll barely misses you.
There are monsters nearby!
The magic dart hits the gnoll but does no damage.
The gnoll is moderately wounded.
The gnoll hits you with a +0 whip.
There are monsters nearby!
The magic dart hits the gnoll!
The gnoll is almost dead.
An orc comes into view. It is wielding a +0 war axe.
The gnoll hits you with a +0 whip.
There are monsters nearby!
The gnoll hits you from afar with a +0 spear.
The gnoll hits you with a +0 whip.
Your magical contamination has completely faded away.
The gnoll attacks as it pursues you! The gnoll hits you with a +0 whip.
The gnoll attacks as it pursues you! The gnoll hits you with a +0 whip.
* * * LOW HITPOINT WARNING * * *
The gnoll attacks as it pursues you! The gnoll hits you with a +0 whip!
You die...

#.##.######## #.#
............# #.#
.....#.####.# #.#
.#...#.# #.#
.##..#.# #.#
.##.##.# #.#
.......####.. #.#
###..>...†..# #.#
.......#...... #@#
.......#.#######g###
.......# . #.g.....#
.......# #.#.#######
.......# ..).
..[....#...#..#
.......#.###..#
.......# ...#
##[.##.# ##.#


You could see a gnoll.

Vanquished Creatures
  2 adders (D:2)
  A gnoll (D:2)
  2 dart slugs
  5 bats
  4 endoplasms
  4 goblins
  7 hobgoblins
  2 jackals (D:2)
  2 quokkas
  7 ball pythons
  7 frilled lizards
  3 kobolds (D:1)
  5 rats
51 creatures vanquished.

Notes
Turn   | Place    | Note
-------+----------+-------------------------------------------
     0 | D:1      | hikkokomori the Deep Elf Conjurer began the quest for the
                  | Orb.
     0 | D:1      | Reached XP level 1. HP: 10/10 MP: 6/6
    92 | D:1      | Reached XP level 2. HP: 15/15 MP: 4/8
   910 | D:1      | Learned a level 2 spell: Searing Ray
   925 | D:2      | Reached XP level 3. HP: 19/19 MP: 8/10
   941 | D:2      | Found Anefas's Antique Weapon Shop.
  1408 | D:2      | Reached XP level 4. HP: 24/24 MP: 7/11
  1649 | D:2      | Slain by a gnoll

Illustrated notes

Levels and vault maps discovered:
D:1:      psy_arrival_terrarium, layout_basic, minmay_misc_feat_iff,
          serial_bayou_pond_e
D:2:      wad_river_or_something, layout_basic, serial_shops, shop

Skill      XL: |  1  2  3  4 |
---------------+-------------+-----
Stealth        | 3 |  3.6
Dodging        | 3 |  3.1
Spellcasting   | 4 |  4.0
Fighting       | |  0.6
Conjurations   | |  4.9

Action                     |  1- 3 |  4- 6 || total
---------------------------+-------+-------++-------
   Cast: Magic Dart        |    68 |    17 ||    85
 Armour: Robe              |     4 |     7 ||    11
  Dodge: Dodged            |     3 |     2 ||     5

Table legend: (Time is in decaauts)
 A = Elapsed time spent in this place.
 B = Non-inter-level travel time spent in this place.
 C = Inter-level travel time spent in this place.
 D = Time resting spent in this place.
 E = Time spent auto-exploring this place.
 F = Levels seen in this place.
 G = Mean time per level.
                   A        B        C        D        E       F      G
               +--------+--------+--------+--------+--------+-----+--------+
         Total |   1649 |   1649 |      0 |      0 |   1457 |   2 |  824.5 |
       Dungeon |   1649 |   1649 |      0 |      0 |   1457 |   2 |  824.5 |
               +--------+--------+--------+--------+--------+-----+--------+

Top non-repeatable levels by time:
     D:1: 923 daAuts
     D:2: 726 daAuts
